 Dungeon Crawl Stone Soup version 0.29.1-15-g9cfb28693d (webtiles) character file.

Game seed: 18317549056730256545

29540 H0rd4k the Thaumaturge (level 13, 0/88 HPs)
             Began as an Octopode Artificer on Mar 20, 2023.
             Was an Initiate of Gozag.
             Slain by a basilisk (17 damage)
             ... on level 5 of the Lair of Beasts.
             The game lasted 00:39:48 (27926 turns).

H0rd4k the Thaumaturge (Octopode Artificer)        Turns: 27926, Time: 00:39:49

Health: 0/88       AC:  1    Str: 18    XL:     13   Next: 45%
Magic:  37/37      EV: 14    Int: 18    God:    Gozag
Gold:   1047       SH:  0    Dex: 21    Spells: 15/34 levels left

rFire   + + .      SeeInvis +   f - +6 halberd "Beoxocon" {holy, rCorr Dex+3}
rCold   . . .      Faith    .   (shield currently unavailable)
rNeg    . . .      Spirit   .   (helmet restricted)
rPois   +          Reflect  .   (no amulet)
rElec   +          Harm     .   r - ring "Wefox" {rElec rF+ Will- Str+6 Dex+6}
rCorr   +          Rampage  .   i - ring of see invisible
Will    .....                   t - ring of resist corrosion
Stlth   +++.......              c - ring of flight
HPRegen 0.24/turn               I - ring of protection from fire
MPRegen 0.25/turn               K - ring of magical power
                                L - ring of poison resistance
                                (no ring)

@: gold aura, flying
A: almost no armour, amphibious, 8 rings, camouflage 1, gelatinous body 1,
(nimble swimmer 1), tentacles
a: Renounce Religion, Potion Petition, Call Merchant, Bribe Branch


You were on level 5 of the Lair of Beasts.
You worshipped Gozag.
Gozag was most pleased with you.
You visited 3 branches of the dungeon, and saw 17 of its levels.
You also visited: Sewer and Ice Cave.

You collected 3286 gold pieces.
You spent 1130 gold pieces at shops.
You paid 1109 gold pieces to Gozag.

Inventory:

Hand Weapons
 f - the +6 halberd "Beoxocon" (weapon) {holy, rCorr Dex+3}
   (You acquired it on level 8 of the Dungeon)

   It has been blessed by the Shining One to cause great damage to the undead
   and demons.
   Dex:       It affects your dexterity (+3).
   rCorr:     It protects you from acid and corrosion.
 z - the +5 glaive of Okawaru {freeze, Dex+4}
   (You bought it in a shop on level 10 of the Dungeon)

   It freezes those it strikes, dealing additional cold damage.
   It can also slow down cold-blooded creatures.
   Dex:       It affects your dexterity (+4).
Missiles
 j - 24 poisoned darts (quivered)
 q - 8 curare-tipped darts
 x - 2 throwing nets
Magical Staves
 s - a staff of conjuration
 G - a staff of poison
Jewellery
 c - a ring of flight (on tentacle)
 i - a ring of see invisible (right tentacle)
 r - the ring "Wefox" (left tentacle) {rElec rF+ Will- Str+6 Dex+6}
   (You found it on level 4 of the Dungeon)

   [ring of strength]

   Str:       It affects your strength (+6).
   Dex:       It affects your dexterity (+6).
   rF:        It protects you from fire.
   rElec:     It insulates you from electricity.
   Will:      It decreases your willpower.
 t - a ring of resist corrosion (on tentacle)
 I - a ring of protection from fire (on tentacle)
 K - a ring of magical power (on tentacle)
 L - a ring of poison resistance (on tentacle)
Wands
 d - a wand of iceblast (19)
 n - a wand of polymorph (4)
 C - a wand of mindburst (2)
 O - a wand of charming (11)
Scrolls
 g - 5 scrolls of enchant weapon
 k - 2 scrolls of fear
 l - 4 scrolls of amnesia
 m - a scroll of vulnerability
 o - 2 scrolls of identify
 y - a scroll of butterflies
 A - 2 scrolls of teleportation
 E - 5 scrolls of immolation
 H - a scroll of magic mapping
Potions
 b - 2 potions of mutation
 e - 6 potions of attraction
 h - 4 potions of magic
 p - 4 potions of brilliance
 u - 2 potions of ambrosia
 v - 2 potions of might
 w - 3 potions of resistance
 B - 6 potions of flight
 M - 3 potions of lignification
 N - a potion of haste
Miscellaneous
 F - a phantom mirror


   Skills:
 - Level 7.7 Fighting
 - Level 10.3 Polearms
 + Level 2.2 Throwing
 - Level 2.3 Dodging
 - Level 1.3 Stealth
 - Level 8.6 Unarmed Combat
 - Level 11.0 Spellcasting
 * Level 8.1 Summonings
 + Level 3.1 Translocations
 - Level 5.4 Ice Magic
 - Level 4.2 Air Magic
 - Level 3.2 Evocations


You had 15 spell levels left.
You knew the following spells:

 Your Spells              Type           Power      Damage    Failure   Level
a - Swiftness             Air            25%        N/A       3%          3
b - Blink                 Tloc           42%        N/A       3%          2
c - Ozocubu's Armour      Ice            29%        N/A       2%          3
d - Summon Forest         Summ/Tloc      15%        N/A       21%         5
e - Summon Cactus Giant   Summ           19%        N/A       36%         6

Your spell library contained the following spells:

 Spells                   Type           Power      Damage    Failure   Level
 Ensorcelled Hibernation  Hex/Ice        38%        N/A       3%          2
 Lesser Beckoning         Tloc           21%        N/A       6%          3
 Passwall                 Tmut/Erth      7%         N/A       11%         2
 Passage of Golubria      Tloc           21%        N/A       21%         4
 Spider Form              Tmut/Pois      9%         N/A       22%         3
 Tukima's Dance           Hex            9%         N/A       22%         3
 Summon Mana Viper        Hex/Summ       24%        N/A       36%         5
 Manifold Assault         Tloc           21%        N/A       50%         5
 Anguish                  Hex/Necr       4%         N/A       56%         4
 Yara's Violent Unravell  Hex/Tmut       4%         3d4       89%         5
 Ozocubu's Refrigeration  Ice            14%        4d10      100%        7


Dungeon Overview and Level Annotations

Branches:
Dungeon (11/15)            Temple (1/1) D:4            Lair (5/5) D:11
 Shoals (0/4) Lair:3        Snake (0/4) Lair:2          Orc (0/2) D:10
  Sewer (visited)           IceCv (visited)
  Slime: Lair:4-5

Altars:
Ashenzari
Cheibriados
Dithmenos
Elyvilon
Fedhas
Gozag
Hepliaklqana
Okawaru
Trog
Uskayaw
Vehumet
Xom
Yredelemnul
Zin

Shops:
D:4 !   D:8 *[   D:9 *   D:10 (   D:11 ?   Lair:1 *(

Annotations:
D:5 exclusion: 2 steam dragons
D:8 exclusion: downstairs
D:9 exclusion: 2 downstairs
D:10 exclusion: downstairs
D:11 3 runed translucent doors, H0rd4k's ghost, novice OpAr
Lair:1 exclusions: catoblepas, deep troll and downstairs, Sonja
Lair:2 2 transporters, exclusion: downstairs
Lair:3 1 runed translucent door, exclusion: lindwurm, BabyfaceFinlayson's ghost, journeyman OgFE
Lair:4 exclusions: downstairs and upstairs


Innate Abilities, Weirdness & Mutations

You cannot wear most types of armour.
You are amphibious.
You can wear up to eight rings at the same time.
Your skin changes colour to match your surroundings (Stealth+).
Your rubbery body absorbs attacks. (AC +1, EV +1)
((You are camouflaged when in or above water. (Stealth+)))
You have tentacles for arms and can constrict up to eight enemies at once.


Message History

The basilisk is heavily wounded.
You constrict the basilisk. The basilisk barely misses you.
You impale the basilisk!!
You kill the basilisk!
You now have 1047 gold pieces (gained 4).
A water moccasin comes into view.
HP restored.
A cane toad comes into view.
The basilisk hisses angrily.
The basilisk gazes at you.
You are slowing down.
Your limbs are stiffening.
You have turned to stone.
The cane toad gives a loud, deep croak!
The cane toad stings you!! x3
The cane toad stings you. The basilisk gazes at you.
You struggle to resist.
The cane toad stings you! The basilisk gazes at you.
The cane toad barely misses you. The basilisk gazes at you.
The cane toad stings you!
You turn to flesh and can move again.
Unknown command.
You hit the cane toad. Your grab misses the cane toad.
Your squeeze misses the cane toad.
The cane toad is lightly wounded.
The cane toad stings you! The basilisk bites you.
* * * LOW HITPOINT WARNING * * *
Unknown command.
You puncture the cane toad! Your grab misses the cane toad.
You squeeze the cane toad!
The cane toad is severely wounded.
The cane toad closely misses you. The basilisk bites you!
* * * LOW HITPOINT WARNING * * *
You slash the cane toad!
You kill the cane toad!
The basilisk bites you!
You die...
Your body crumbles into a pile of gold.

### ####.......#
#..##..##......## ....
#..............P# ......
#.............## ......
#............)# ......#
#.............# .#........
#....<........#
..........###.............#
P...........@.............#
####...........$l..##.#......#
##..P..#............####..###^#
......................##.#.####
.#..#.##........)....##...###.#
#...#.##.#..##................##
#.8...####.# #.................#
...#....######...$............##
...#..#..#...#.................##


You could see a basilisk.

Vanquished Creatures
  Josephine (D:11)
  A hydra (Lair:5)
  A two-headed ogre (D:10)
  9 elephants
  3 black mambas
  A torpor snail (Lair:2)
  A centaur zombie (D:11)
  10 cane toads
  An unseen horror (D:11)
  6 rime drakes
  7 komodo dragons
  A freezing wraith (IceCv)
  A hornet (D:8)
  A polar bear (Lair:4)
  11 blink frogs
  8 dream sheep (Lair:2)
  A meliai zombie (D:11)
  A shadow (D:9)
  6 wraiths
  27 yaks
  4 basilisks
  3 wyverns
  A steam dragon (D:6)
  4 vampire mosquitoes (D:11)
  2 death yak simulacra (IceCv)
  2 acid dragons (Lair:5)
  7 water moccasins
  2 sky beasts (D:8)
  3 ice beasts
  A swamp drake (Lair:5)
  An orc warrior (D:10)
  5 black bears
  An ogre (D:7)
  6 centaurs
  A phantom (D:5)
  6 kobold brigands
  7 bullfrogs
  2 necrophages
  A gnoll sergeant (D:10)
  2 scorpions
  2 wights (D:6)
  5 killer bees
  An electric eel (D:8)
  7 howler monkeys
  2 jellies
  9 orc priests
  6 hounds
  A gnoll bouda (D:7)
  7 iguanas
  4 orc wizards
  8 hell rats
  A polar bear simulacrum (IceCv)
  6 gnolls
  3 adders
  A shadow imp (D:6)
  A white imp (D:6)
  An ufetubus (D:3)
  A worm (D:6)
  2 dart slugs
  23 orcs
  5 bats
  8 endoplasms
  4 giant cockroaches
  2 goblins
  5 hobgoblins
  5 jackals (D:2)
  26 kobolds
  3 quokkas
  7 ball pythons
  4 frilled lizards
  6 rats
325 creatures vanquished.

Vanquished Creatures (collateral kills)
  A wight (D:6)
  A gnoll (D:2)
  An orc (D:4)
  A goblin (D:4)
  A hobgoblin (D:4)
  6 kobolds
11 creatures vanquished.

Vanquished Creatures (others)
  An ice beast (D:6)
  A kobold brigand (D:7)
  An iguana (D:6)
  2 gnolls (D:2)
  A kobold (Sewer)
  A bush (Lair:2)
  32 fungi
  79 plants
118 creatures vanquished.

Grand Total: 454 creatures vanquished

Notes
Turn   | Place    | Note
-------+----------+-------------------------------------------
     0 | D:1      | H0rd4k the Octopode Artificer began the quest for the Orb.
     0 | D:1      | Reached XP level 1. HP: 13/13 MP: 1/1
   680 | D:1      | Reached skill level 1 in Spellcasting
   680 | D:1      | Reached XP level 2. HP: 14/18 MP: 3/3
  1201 | D:2      | Reached XP level 3. HP: 21/24 MP: 3/5
  1240 | D:2      | Reached skill level 1 in Unarmed Combat
  1454 | D:2      | Found a faded altar of an unknown god.
  2306 | D:3      | Reached XP level 4. HP: 29/29 MP: 6/6
  2467 | D:3      | Found a shimmering altar of Xom.
  2503 | D:3      | Learned a level 3 spell: Swiftness
  2625 | D:3      | Reached skill level 2 in Spellcasting
  3305 | D:4      | Found a bloodstained altar of Trog.
  3340 | D:4      | Found a blossoming altar of Fedhas.
  3371 | D:4      | Found a snail-covered altar of Cheibriados.
  3388 | D:4      | Found Nacixt's Distillery.
  3470 | D:4      | Reached skill level 1 in Air Magic
  3470 | D:4      | Reached XP level 5. HP: 35/35 MP: 8/8
  3614 | D:4      | Identified the ring "Wefox" {rElec rF+ Will- Str+6 Dex+6}
  3652 | D:4      | Found a staircase to the Ecumenical Temple.
  3676 | Temple   | Entered the Ecumenical Temple
  3681 | Temple   | Became a worshipper of Gozag Ym Sagoz the Greedy
  3780 | D:4      | Found a shadowy altar of Dithmenos.
  3876 | D:5      | Entered Level 5 of the Dungeon
  4115 | D:5      | Reached skill level 3 in Spellcasting
  4115 | D:5      | Reached XP level 6. HP: 24/41 MP: 10/10
  4462 | D:5      | Noticed a steam dragon
  4462 | D:5      | Noticed a steam dragon
  4554 | D:5      | Found a glowing silver altar of Zin.
  4557 | D:5      | Noticed an ice beast
  4566 | D:5      | Killed an ice beast
  4567 | D:5      | Reached XP level 7. HP: 46/46 MP: 12/12
  4770 | D:5      | Reached skill level 4 in Spellcasting
  5220 | D:6      | Found a glowing drain.
  5243 | Sewer    | Entered a sewer
  5399 | Sewer    | Reached skill level 5 in Unarmed Combat
  5789 | Sewer    | Reached XP level 8. HP: 25/54 MP: 14/14
  6416 | D:6      | Found a white marble altar of Elyvilon.
  6534 | D:6      | Found a basalt altar of Yredelemnul.
  7258 | D:6      | Reached skill level 5 in Spellcasting
  7910 | D:7      | Reached XP level 9. HP: 59/59 MP: 16/16
  8908 | D:8      | Found Nolet's General Store.
  8908 | D:8      | Found Vayhaf's Antique Armour Emporium.
  8924 | D:8      | Bought a scroll of acquirement for 676 gold pieces
  8950 | D:8      | Acquired the +6 halberd "Beoxocon" {holy, rCorr Dex+3}
  9220 | D:8      | Found a radiant altar of Vehumet.
  9466 | D:8      | Reached skill level 5 in Fighting
  9466 | D:8      | Reached skill level 1 in Polearms
 10178 | D:8      | Reached skill level 6 in Spellcasting
 10385 | D:8      | Noticed a hornet
 10510 | D:8      | Killed a hornet
 10983 | D:9      | Reached skill level 5 in Polearms
 11128 | D:9      | Reached XP level 10. HP: 66/66 MP: 19/19
 12417 | D:9      | Found Geillur's Mass Market.
 12528 | D:10     | Entered Level 10 of the Dungeon
 12673 | D:10     | Found a staircase to the Orcish Mines.
 13472 | D:10     | Found Wupnuq's Antique Weapon Emporium.
 13487 | D:10     | Noticed a two-headed ogre
 13496 | D:10     | Killed a two-headed ogre
 13497 | D:10     | Reached skill level 7 in Spellcasting
 13950 | D:10     | Bought a translucent glaive for 264 gold pieces
 13950 | D:10     | Identified the +5 glaive of Okawaru {freeze, Dex+4} (You
                  | bought it in a shop on level 10 of the Dungeon)
 14099 | D:11     | Reached XP level 11. HP: 62/74 MP: 21/21
 14099 | D:11     | Noticed Josephine
 14105 | D:11     | Killed Josephine
 14444 | D:11     | Found a runed translucent gate.
 14444 | D:11     | Found a runed translucent gate.
 14444 | D:11     | Found a runed translucent gate.
 14444 | D:11     | Noticed H0rd4k's ghost (novice OpAr)
 14446 | D:11     | Found a basalt altar of Yredelemnul.
 14849 | D:11     | Found Tisinid's Magic Scroll Emporium.
 14857 | D:11     | Bought a scroll of blinking for 105 gold pieces
 15438 | D:11     | Noticed a two-headed ogre
 15573 | D:11     | Noticed a death yak
 15575 | D:11     | Found a staircase to the Lair.
 15575 | D:11     | Noticed a death yak
 15576 | D:11     | Noticed a death yak
 16049 | D:4      | Bought a potion of might for 48 gold pieces
 16393 | D:10     | Reached skill level 10 in Polearms
 16742 | D:11     | Noticed a four-headed hydra
 16774 | Lair:1   | Entered Level 1 of the Lair of Beasts
 16885 | Lair:1   | Noticed Sonja
 16974 | Lair:1   | Learned a level 2 spell: Blink
 16978 | Lair:1   | Learned a level 3 spell: Ozocubu's Armour
 17196 | Lair:1   | Reached skill level 1 in Translocations
 17200 | Lair:1   | Reached skill level 8 in Spellcasting
 17200 | Lair:1   | Reached skill level 1 in Ice Magic
 17338 | Lair:1   | Noticed a catoblepas
 17567 | Lair:1   | Noticed a deep troll
 18240 | Lair:1   | Reached XP level 12. HP: 82/82 MP: 24/24
 18422 | Lair:2   | Found a staircase to the Snake Pit.
 19032 | Lair:2   | HP: 2/82 [torpor snail (20)]
 19034 | Lair:2   | Reached skill level 9 in Spellcasting
 19854 | Lair:2   | Found a transporter.
 20555 | Lair:2   | Reached skill level 10 in Spellcasting
 21138 | Lair:1   | HP: 2/82 [yak (11)]
 21947 | Lair:2   | Found a transporter.
 22278 | Lair:2   | Reached skill level 5 in Ice Magic
 22882 | Lair:1   | Bought a scroll labelled RUQOAH ZUTI for 37 gold pieces
 23075 | Lair:3   | Found a frozen archway.
 23092 | Lair:3   | Reached skill level 11 in Spellcasting
 23118 | Lair:3   | Learned a level 5 spell: Summon Forest
 23125 | Lair:3   | Learned a level 6 spell: Summon Cactus Giant
 23126 | IceCv    | Entered an ice cave
 23137 | IceCv    | Reached skill level 1 in Throwing
 23137 | IceCv    | Reached skill level 1 in Summonings
 23138 | IceCv    | HP: 3/82 [freezing wraith (20)]
 23356 | IceCv    | Found a transporter.
 23376 | IceCv    | Found a transporter.
 23410 | Lair:3   | Found a hazy altar of Hepliaklqana.
 23446 | Lair:3   | Found a runed translucent door.
 23446 | Lair:3   | Noticed BabyfaceFinlayson's ghost (journeyman OgFE)
 23604 | Lair:3   | Noticed a four-headed hydra
 23958 | Lair:3   | Reached XP level 13. HP: 68/88 MP: 28/28
 24407 | Lair:3   | Found a staircase to the Shoals.
 24707 | Lair:4   | Reached skill level 5 in Summonings
 26181 | Lair:5   | Entered Level 5 of the Lair of Beasts
 26269 | Lair:5   | HP: 4/88 [komodo dragon (14)]
 27926 | Lair:5   | Slain by a basilisk

Illustrated notes

Levels and vault maps discovered:
D:1:      ebering_trefoil_3fold, layout_loops_corners
D:2:      layout_rooms, ebering_ecumenical_altar_webs
D:3:      layout_basic, mainiacjoe_overflow_alcove_4, minmay_misc_feat_diagonals
D:4:      layout_cave_pools, fedhas_altar_1, bloody_trog, kennysheep_mini_moat,
          amcnicky_altar_gilded, minmay_temple_entry_sparse_star, serial_shops,
          shop, hangedman_decor_riveting
D:5:      kennysheep_steamy, layout_rooms, mainiacjoe_overflow_boulevard
D:6:      layout_loops_ring, mainiacjoe_overflow_small_starburst,
          elyvilon_altar_3, cheibrodos_sewer_entry_drain
D:7:      layout_loops_ring
D:8:      layout_loops_ring, nicolae_vehumet_radiance, serial_bayou_pond_b,
          nicolae_wooded_promenade
D:9:      layout_gridville, minmay_shop_mass
D:10:     layout_roguey, orc_0_dummy, serial_shops, nicolae_take_the_stairs
D:11:     layout_long_grid, dpeg_lair_monsters, serial_shops,
          nicolae_shop_competitors_out_of_business, grunt_ministairs_11,
          nicolae_yredelemnul_ghost_church, uniq_josephine
Temple:   nicolae_temple_ecumenical_triangle
Lair:1:   dreamdust_cave_troll, layout_regular_city, beast_lair_carwin_1,
          grunt_megastairs_2, lemuel_fruit_tree, uniq_sonja
Lair:2:   gammafunk_worm_tunnel, layout_layer_cave, dummy_snake_entry,
          nicolae_lair_grazing_beasts [nicolae_sub_lair_graze_edge,
          nicolae_sub_lair_graze_edge, nicolae_sub_lair_graze_edge,
          nicolae_sub_lair_graze_edge], infiniplex_staircase_pool_2
Lair:3:   layout_chaotic_city, minmay_shoals_entry_centaurs, basic_altar,
          portal_ice_cave_entry_pillars_1, hellmonk_ghost_happy_afterlife
Lair:4:   layout_gridlike, lemuel_old_faithful
Lair:5:   guppyfry_lair_end_dragon, layout_cellular_growth, slime_entry_1,
          grunt_megastairs_4, serial_bayou_shore_b

Skill      XL: |  1  2  3  4  5  6  7  8  9 10 11 12 13 |
---------------+----------------------------------------+-----
Spellcasting   | 1 2 3 4 5 6 7 8 11 | 11.0
Unarmed Combat | 1 3 5 7 8 |  8.6
Fighting       | 2 3 4 5 6 7 |  7.7
Air Magic      | 1 2 3 4 |  4.2
Polearms       | 5 8 10 | 10.3
Translocations | 3 |  3.1
Ice Magic      | 3 5 |  5.4
Throwing       | 1 2 |  2.2
Summonings     | 3 8 |  8.1
Dodging        | |  2.3
Stealth        | |  1.3
Evocations     | |  3.2

Action                   |  1- 3 |  4- 6 |  7- 9 | 10-12 | 13-15 || total
-------------------------+-------+-------+-------+-------+-------++-------
Melee: Unarmed           |    81 |    79 |   177 |       |       ||   337
       Constrict         |    24 |    19 |    44 |    54 |    23 ||   164
       Tentacles         |    23 |    11 |    68 |   128 |    32 ||   262
       Punch             |     2 |     3 |    14 |    34 |     9 ||    62
       Halberd           |       |       |    64 |   478 |   133 ||   675
Throw: Dart              |       |       |     1 |     5 |       ||     6
 Cast: Swiftness         |       |       |       |     2 |     3 ||     5
       Ozocubu's Armour  |       |       |       |     8 |     3 ||    11
       Summon Forest     |       |       |       |       |     1 ||     1
Invok: Call Merchant     |       |       |       |     2 |       ||     2
Evoke: Wand              |     2 |    17 |    20 |    15 |     9 ||    63
  Use: Potion            |       |       |     5 |     7 |       ||    12
       Scroll            |       |       |    15 |     5 |     6 ||    26
 Stab: Sleeping          |     4 |     5 |    13 |     8 |     5 ||    35
       Distracted        |       |       |     1 |     5 |       ||     6
Armor: Skin              |     7 |     3 |     9 |    30 |     2 ||    51
Dodge: Dodged            |    47 |    54 |   139 |   272 |    44 ||   556
